 Dungeon Crawl Stone Soup version 0.21-a0-508-gf08a75f (webtiles) character file.

2 Laiders the Ogre Mage (level 1, 0/16 HPs)
             Began as an Ogre Wizard on Nov 28, 2017.
             Slain by a jackal (3 damage)
             ... on level 1 of the Dungeon.
             The game lasted 00:00:48 (165 turns).

Laiders the Ogre Mage (Ogre Wizard)                  Turns: 165, Time: 00:00:48

Health: 0/16       AC:  3    Str: 10    XL:     1   Next: 30%
Magic:  5/5        EV: 10    Int: 19    God:
Gold:   32         SH:  0    Dex:  7    Spells: 6/7 levels left

rFire    . . .     SeeInvis .   e - +0 short sword
rCold    . . .     Gourm    .   (no shield)
rNeg     . . .     Faith    .   a - +0 robe
rPois    .         Spirit   .   b - +0 hat
rElec    .         Reflect  .   (no cloak)
rCorr    .         Harm     .   (gloves unavailable)
MR       .....                  (boots unavailable)
Stlth    +.........             (no amulet)
HPRegen  0.05/turn              (no ring)
MPRegen  0.09/turn              (no ring)

@: no status effects
A: large, unfitting armour, tough skin 1
a: no special abilities


You were on level 1 of the Dungeon.
You were not hungry.

You visited 1 branch of the dungeon, and saw 1 of its levels.

You collected 32 gold pieces.

Inventory:

Hand Weapons
 e - a +0 short sword (weapon)
Armour
 a - a +0 robe (worn)
 b - a +0 hat (worn)
Books
 c - a book of Minor Magic

   Spells                             Type                      Level
   a - Magic Dart                     Conjuration                  1
   b - Blink                          Translocation                2
   c - Call Imp                       Summoning                    2
   d - Slow                           Hexes                        2
   e - Conjure Flame                  Conjuration/Fire             3
   f - Mephitic Cloud                 Conjuration/Poison/Air       3
Comestibles
 d - a bread ration
 f - a chunk of flesh


   Skills:
 - Level 1.7 Dodging
 - Level 1.4 Stealth
 + Level 3.7 Spellcasting
 + Level 1.0 Conjurations
   Level 0.8 Summonings
   Level 0.8 Translocations


You had 6 spell levels left.
You knew the following spells:

 Your Spells              Type           Power        Failure   Level  Hunger
a - Magic Dart            Conj           #...         10%         1    None


Dungeon Overview and Level Annotations

Branches:
Dungeon (1/15)

Altars:


Innate Abilities, Weirdness & Mutations

You are too large for most types of armour.
You have tough skin. (AC +1)


Message History

The jackal bites you. x2
You barely miss the jackal. You completely miss the jackal.
The jackal barely misses you. The jackal bites you.
The jackal bites you but does no damage.
The jackal barely misses you. The jackal closely misses you.
You closely miss the jackal.
The jackal bites you but does no damage.
The jackal barely misses you.
The jackal bites you but does no damage. x2
You miss the jackal. The jackal closely misses you. x2
The jackal barely misses you. The jackal bites you.
The jackal bites you but does no damage. x2
The jackal bites you. x2
The jackal bites you.
* * * LOW HITPOINT WARNING * * *
The goblin closely misses you. The jackal barely misses you.
The jackal bites you.
You die...

#........................##...
#...............##....#..#...
.#...)...........##.....#.####
.................######....
##.............#.# ###..
#.##.......)....# ##. #
###.......####
...####.....g.#######
#..........hh@......#
#######....h.....##.#
#........#.# #...........#
##########.... #####


You could see 3 jackals and a goblin.

Vanquished Creatures
  A goblin (D:1)
  A frilled lizard (D:1)
2 creatures vanquished.

Notes
Turn   | Place    | Note
-------+----------+-------------------------------------------
     0 | D:1      | Laiders the Ogre Wizard began the quest for the Orb.
     0 | D:1      | Reached XP level 1. HP: 16/16 MP: 5/5
    94 | D:1      | Reached skill level 1 in Conjurations
   165 | D:1      | Slain by a jackal

Vault maps used:
D:1:      dpeg_arrival_connections

Skill      XL: |  1 |
---------------+----+-----
Conjurations   | 1 |  1.0
Dodging        | |  1.7
Stealth        | |  1.4
Spellcasting   | |  3.7
Summonings     | |  0.8
Translocations | |  0.8

Action                   || total
-------------------------++-------
Melee: Short sword       ||     4
 Cast: Magic Dart        ||     4
Armor: Robe              ||     6
Dodge: Dodged            ||     9

Table legend:
 A = Spawn XP
 B = Non-spawn XP
 C = Spawn XP percentage of total XP
 D = Spawn monster count
 E = Non-spawn monster count
 F = Spawn count percentage of total count
 G = Total turns spent on level
                    A         B        C        D         E        F      G
               +---------+---------+-------+---------+---------+-------+---------
         Total |       0 |       3 |   0.0 |       0 |       2 |   0.0 |   165
               +---------+---------+-------+---------+---------+-------+---------
           D:1 |       0 |       3 |   0.0 |       0 |       2 |   0.0 |   165
               +---------+---------+-------+---------+---------+-------+---------
